 Dungeon Crawl Stone Soup version 0.28.0-43-g3370ac3207 (webtiles) character file.

Game seed: 10697442700059625628

354 Ablot the Grasshopper (level 6, -2/51 HPs)
             Began as a Gnoll Warper on Mar 6, 2022.
             Was a Follower of Cheibriados.
             Slain by a kobold brigand
             ... wielding a +0 club
              (4 damage)
             ... on level 4 of the Dungeon.
             The game lasted 00:06:58 (3680 turns).

Ablot the Grasshopper (Gnoll Warper)                Turns: 3680, Time: 00:06:59

Health: -2/51      AC:  5    Str: 14    XL:     6   Next: 63%
Magic:  11/14      EV: 13    Int: 14    God:    Cheibriados [*.....]
Gold:   144        SH:  0    Dex: 14    Spells: 13/15 levels left

rFire   . . .      SeeInvis .   p - +2 dagger (venom)
rCold   . . .      Faith    .   (no shield)
rNeg    . . .      Spirit   .   b - +0 leather armour
rPois   .          Reflect  .   l - +1 helmet
rElec   .          Harm     .   (no cloak)
rCorr   .          Rampage  .   (no gloves)
Will    .....                   (no boots)
Stlth   ++........              y - amulet of magic regeneration
HPRegen 0.17/turn               (no ring)
MPRegen 0.54/turn               (no ring)

@: very slow
A: fangs 1, strong nose, distributed training
a: Renounce Religion, Bend Time


You were on level 4 of the Dungeon.
You worshipped Cheibriados.
Cheibriados was aware of your devotion.
You visited 1 branch of the dungeon, and saw 4 of its levels.

You collected 144 gold pieces.

Inventory:

Hand Weapons
 a - a +0 trident
 p - a +2 dagger of venom (weapon)
Missiles
 d - 5 boomerangs of dispersal (quivered)
 g - 87 stones
 j - 7 boomerangs
 n - 14 bolts
 o - 8 arrows
 u - 5 silver boomerangs
Armour
 b - a +0 leather armour (worn)
 l - a +1 helmet (worn)
 r - a +3 scale mail of willpower
 v - a +0 buckler
Magical Staves
 w - a staff of conjuration
Jewellery
 y - an amulet of magic regeneration (around neck)
Wands
 z - a wand of iceblast (9)
Scrolls
 c - 2 scrolls of blinking
 e - a scroll of enchant armour {unknown}
 h - a scroll of vulnerability {unknown}
 i - 2 scrolls of identify {unknown}
 k - 2 scrolls of teleportation {unknown}
 m - a scroll of magic mapping {unknown}
Potions
 f - 2 potions of curing {unknown}
 q - a potion of brilliance {unknown}
 s - a potion of ambrosia {unknown}
 t - a potion of haste {unknown}
 x - 2 potions of berserk rage {unknown}


   Skills:
 + Level 5.0 Fighting
 + Level 2.0 Short Blades
 + Level 2.0 Long Blades
 + Level 2.0 Axes
 + Level 2.0 Maces & Flails
 + Level 5.0 Polearms
 + Level 2.0 Staves
 + Level 2.0 Slings
 + Level 2.0 Bows
 + Level 2.0 Crossbows
 + Level 3.3 Throwing
 + Level 3.3 Armour
 + Level 5.0 Dodging
 + Level 2.0 Stealth
 + Level 2.0 Shields
 + Level 2.0 Unarmed Combat
 + Level 5.4 Spellcasting
 + Level 1.6 Conjurations
 + Level 1.6 Hexes
 + Level 1.6 Summonings
 + Level 1.6 Necromancy
 + Level 5.7 Translocations
 + Level 1.6 Transmutations
 + Level 1.6 Fire Magic
 + Level 1.6 Ice Magic
 + Level 1.6 Air Magic
 + Level 1.6 Earth Magic
 + Level 1.6 Poison Magic
 + Level 2.2 Invocations
 + Level 2.0 Evocations


You had 13 spell levels left.
You knew the following spells:

 Your Spells              Type           Power      Damage    Failure   Level
a - Blink                 Tloc           38%        N/A       3%          2

Your spell library contained the following spells:

 Spells                   Type           Power      Damage    Failure   Level
 Gell's Gravitas          Tloc           19%        N/A       6%          3
 Lesser Beckoning         Tloc           19%        N/A       6%          3
 Teleport Other           Tloc           19%        N/A       6%          3
 Manifold Assault         Tloc           19%        N/A       50%         5


Dungeon Overview and Level Annotations

Branches:
Dungeon (4/15)
 Temple: D:4-7

Altars:
Cheibriados
Gozag

Shops:
D:3 =


Innate Abilities, Weirdness & Mutations

You have very sharp teeth.
Your uncanny sense of smell can sniff out nearby items.
Your experience applies equally to all skills.


Message History

You hit the kobold brigand but do no damage.
The kobold brigand looks as sick as possible!
The kobold brigand is moderately wounded.
The kobold brigand hits you with a +0 club.
* * * LOW HITPOINT WARNING * * *
The kobold brigand closely misses you.
You hit the kobold brigand.
The kobold brigand looks as sick as possible!
The kobold brigand is moderately wounded.
The kobold brigand hits you with a +0 club.
* * * LOW HITPOINT WARNING * * *
The kobold brigand hits you but does no damage.
You hit the kobold brigand.
The kobold brigand looks as sick as possible!
The kobold brigand is almost dead.
You kill the kobold brigand!
Cheibriados appreciates the change of pace.
Cheibriados raises the support of your attributes as your movement slows.
The kobold brigand hits you with a +0 club.
* * * LOW HITPOINT WARNING * * *
Your Fighting skill increases to level 5!
Your Short Blades skill increases to level 2!
Your Long Blades skill increases to level 2!
Your Axes skill increases to level 2!
Your Maces & Flails skill increases to level 2!
Your Polearms skill increases to level 5!
Your Staves skill increases to level 2!
Your Slings skill increases to level 2!
Your Bows skill increases to level 2!
Your Crossbows skill increases to level 2!
Your Dodging skill increases to level 5!
Your Stealth skill increases to level 2!
Your Shields skill increases to level 2!
Your Unarmed Combat skill increases to level 2!
Your Evocations skill increases to level 2!
The flow of time bends around you.
Cheibriados rebukes the kobold brigand.
The kobold brigand seems to slow down.
Cheibriados lowers the support of your attributes as your movement quickens.
The kobold brigand hits you with a +0 club.
You die...

... ##.. ≈≈...
..###K.##≈≈...
#...#..#≈≈≈≈#
+$..#..#≈≈≈≈# #
#...#))#≈≈≈≈# #
#...#).##≈≈.# #
#...##).#≈≈.# #####
#....#K.#≈..# #...#
##+#...@#..#...#####...#
#..###.)K..#.......#...#
#.......##.........#...#
#.......####.......#...#
#.......# #.......#'###
#.......# #.......#...'
#..<....# #.......'...#
######### #.......#####
######### #


You could see a kobold brigand (extremely poisoned, slow).

Vanquished Creatures
  A kobold brigand (D:4)
  Jessica (D:1)
  Terence (D:2)
  An orc wizard (D:3)
  A howler monkey zombie (D:3)
  Robin (D:1)
  9 adders
  6 dart slugs
  3 orcs (D:3)
  5 endoplasms
  A giant cockroach (D:2)
  14 goblins
  10 hobgoblins
  4 jackals
  3 quokkas
  5 ball pythons
  2 bats (D:1)
  5 frilled lizards
  11 kobolds
  5 rats (D:3)
89 creatures vanquished.

Vanquished Creatures (others)
  An orc (D:3)
1 creature vanquished.

Grand Total: 90 creatures vanquished

Notes
Turn   | Place    | Note
-------+----------+-------------------------------------------
     0 | D:1      | Ablot the Gnoll Warper began the quest for the Orb.
     0 | D:1      | Reached XP level 1. HP: 20/20 MP: 6/6
   119 | D:1      | Reached XP level 2. HP: 26/26 MP: 7/7
   133 | D:1      | Learned a level 2 spell: Blink
   423 | D:1      | Found a faded altar of an unknown god.
   815 | D:1      | Reached XP level 3. HP: 31/31 MP: 9/9
   846 | D:1      | Reached skill level 5 in Spellcasting
   999 | D:2      | Noticed Jessica
  1267 | D:1      | Reached skill level 1 in Invocations
  1309 | D:2      | Noticed Robin
  1335 | D:1      | Reached skill level 1 in Short Blades
  1335 | D:1      | Reached skill level 1 in Long Blades
  1335 | D:1      | Reached skill level 1 in Axes
  1335 | D:1      | Reached skill level 1 in Maces & Flails
  1335 | D:1      | Reached skill level 1 in Staves
  1335 | D:1      | Reached skill level 1 in Slings
  1335 | D:1      | Reached skill level 1 in Bows
  1335 | D:1      | Reached skill level 1 in Crossbows
  1335 | D:1      | Reached skill level 1 in Stealth
  1335 | D:1      | Reached skill level 1 in Shields
  1335 | D:1      | Reached skill level 1 in Unarmed Combat
  1335 | D:1      | Reached skill level 1 in Evocations
  1340 | D:1      | Reached XP level 4. HP: 22/38 MP: 11/11
  1491 | D:1      | Killed Robin
  1648 | D:1      | Killed Jessica
  1649 | D:1      | Reached skill level 1 in Conjurations
  1649 | D:1      | Reached skill level 1 in Hexes
  1649 | D:1      | Reached skill level 1 in Summonings
  1649 | D:1      | Reached skill level 1 in Necromancy
  1649 | D:1      | Reached skill level 1 in Transmutations
  1649 | D:1      | Reached skill level 1 in Fire Magic
  1649 | D:1      | Reached skill level 1 in Ice Magic
  1649 | D:1      | Reached skill level 1 in Air Magic
  1649 | D:1      | Reached skill level 1 in Earth Magic
  1649 | D:1      | Reached skill level 1 in Poison Magic
  2133 | D:2      | Reached XP level 5. HP: 40/43 MP: 12/12
  2294 | D:2      | Noticed Terence
  2317 | D:2      | Killed Terence
  2561 | D:3      | Found a snail-covered altar of Cheibriados.
  2639 | D:3      | Found Behi's Jewellery Boutique.
  2641 | D:3      | Became a worshipper of Cheibriados the Contemplative
  2844 | D:3      | Reached XP level 6. HP: 46/50 MP: 13/13
  2998 | D:3      | Found an opulent altar of Gozag.
  3091 | D:3      | Reached * piety under Cheibriados
  3679 | D:4      | HP: 2/50 [kobold brigand/+0 club (6)]
  3680 | D:4      | Reached skill level 5 in Fighting
  3680 | D:4      | Reached skill level 5 in Polearms
  3680 | D:4      | Reached skill level 5 in Dodging
  3680 | D:4      | Slain by a kobold brigand

Illustrated notes

Levels and vault maps discovered:
D:1:      tarquinn_simple_flora_water_f, layout_basic, basic_ecumenical_altar
D:2:      layout_rooms, uniq_terence, uniq_robin, uniq_jessica
D:3:      layout_basic, lemuel_crystal_altar, mainiacjoe_overflow_cross_hatched,
          serial_shops, nicolae_shop_advertising_works
          [nicolae_subvault_shop_adworks], minmay_checkerbox
D:4:      cheibrodos_thug_alley, layout_gridville, minmay_temple_entry_fiery,
          minmay_crystal_room, nrook_mini_vaults

Skill      XL: |  1  2  3  4  5  6 |
---------------+-------------------+-----
Spellcasting   | 5 |  5.4
Invocations    | 1 2 |  2.2
Short Blades   | 1 2 |  2.0
Long Blades    | 1 2 |  2.0
Axes           | 1 2 |  2.0
Maces & Flails | 1 2 |  2.0
Staves         | 1 2 |  2.0
Slings         | 1 2 |  2.0
Bows           | 1 2 |  2.0
Crossbows      | 1 2 |  2.0
Stealth        | 1 2 |  2.0
Shields        | 1 2 |  2.0
Unarmed Combat | 1 2 |  2.0
Evocations     | 1 2 |  2.0
Conjurations   | 1 |  1.6
Hexes          | 1 |  1.6
Summonings     | 1 |  1.6
Necromancy     | 1 |  1.6
Transmutations | 1 |  1.6
Fire Magic     | 1 |  1.6
Ice Magic      | 1 |  1.6
Air Magic      | 1 |  1.6
Earth Magic    | 1 |  1.6
Poison Magic   | 1 |  1.6
Throwing       | 3 |  3.3
Armour         | 3 |  3.3
Fighting       | 5 |  5.0
Polearms       | 5 |  5.0
Dodging        | 5 |  5.0
Translocations | |  5.7

Action                   |  1- 3 |  4- 6 || total
-------------------------+-------+-------++-------
Melee: Spear             |   115 |    71 ||   186
       Bite              |     6 |    23 ||    29
       Punch             |     2 |     4 ||     6
       Dagger            |       |   151 ||   151
Invok: Bend Time         |       |     1 ||     1
 Stab: Sleeping          |       |     4 ||     4
Armor: Leather armour    |    33 |    62 ||    95
Dodge: Dodged            |    66 |   152 ||   218
